 Dungeon Crawl Stone Soup version 0.29-a0-557-g43b9904bd1 (webtiles) character file.

Game seed: 13602013629186708307

235 zishaf the Sneak (level 6, -9/33 HPs)
             Began as a Vine Stalker Brigand on June 8, 2022.
             Mangled by a gnoll
             ... wielding a +0 halberd
              (13 damage)
             ... on level 3 of the Dungeon.
             The game lasted 00:04:00 (2054 turns).

zishaf the Sneak (Vine Stalker Brigand)             Turns: 2054, Time: 00:04:00

Health: -9/33      AC:  4    Str: 13    XL:     6   Next: 6%
Magic:  0/7        EV: 12    Int: 11    God:
Gold:   144        SH:  0    Dex: 18    Spells: 5/5 levels left

rFire   . . .      SeeInvis .   a - +2 dagger
rCold   . . .      Faith    .   (no shield)
rNeg    . . .      Spirit   +   f - +0 robe
rPois   .          Reflect  .   (no helmet)
rElec   .          Harm     .   c - +0 cloak
rCorr   .          Rampage  .   q - +0 pair of gloves
Will    .....                   (no boots)
Stlth   +++.......              (no amulet)
HPRegen 0.91/turn               (no ring)
MPRegen 0.10/turn               (no ring)

@: no status effects
A: fangs 2, regeneration 1, magic shield, antimagic bite, no potion heal 2
a: no special abilities


You were on level 3 of the Dungeon.
You visited 1 branch of the dungeon, and saw 3 of its levels.

You collected 144 gold pieces.

Inventory:

Hand Weapons
 a - a +2 dagger (weapon)
 b - a +0 hunting sling
Missiles
 d - 15 poisoned darts (quivered)
 e - 3 curare-tipped darts
 j - 6 javelins
Armour
 c - a +0 cloak (worn)
 f - a +0 robe (worn)
 q - a +0 pair of gloves (worn)
Jewellery
 n - a ring of ice
Scrolls
 g - 2 scrolls of enchant armour {unknown}
 l - a scroll of teleportation {unknown}
 p - 2 scrolls of identify {unknown}
Potions
 h - a potion of heal wounds {unknown}
 i - a potion of lignification {unknown}
 k - a potion of degeneration {unknown}
 m - 2 potions of brilliance {unknown}
 o - a potion of curing {unknown}


   Skills:
 + Level 3.8 Fighting
 + Level 3.4 Short Blades
 - Level 2.0 Throwing
 - Level 1.0 Dodging
 - Level 6.0 Stealth


You had 5 spell levels left.
You didn't know any spells.
Your spell library was empty.

Dungeon Overview and Level Annotations

Branches:
Dungeon (3/15)

Altars:

Shops:
D:2 (


Innate Abilities, Weirdness & Mutations

You have extremely sharp teeth.
Your natural rate of healing is unusually fast.
When hurt, damage is shared between your health and your magic reserves.
Your bite disrupts and absorbs the magic of your enemies.
Potions cannot restore your health.


Message History

You hit the gnoll. You bite the gnoll, but do no damage.
The gnoll is heavily wounded.
The gnoll misses you.
You hit the gnoll but do no damage. You bite the gnoll, but do no damage.
The gnoll is heavily wounded.
A gnoll comes into view. It is wielding a +0 flail.
You hit the gnoll.
The gnoll is heavily wounded.
The gnoll hits you but does no damage.
You hit the gnoll.
The gnoll is heavily wounded.
You barely miss the gnoll.
The gnoll is heavily wounded.
A gnoll comes into view. It is wielding a +0 halberd.
The gnoll hits you with a +0 club. The gnoll closely misses you.
The gnoll shouts!
You hit the gnoll. You bite the gnoll.
You kill the gnoll!
The gnoll hits you from afar with a +0 halberd.
The gnoll hits you with a +0 halberd.
Things that are here:
a +0 club; a gnoll corpse You hit the gnoll.
The gnoll is heavily wounded.
The gnoll closely misses you.
You hit the gnoll. Your bite misses the gnoll.
The gnoll is severely wounded.
The gnoll hits you with a +0 halberd!
You hit the gnoll.
The gnoll is almost dead.
You hit the gnoll but do no damage. Your bite misses the gnoll.
The gnoll is almost dead.
The gnoll misses you. The gnoll hits you with a +0 halberd.
The gnoll barely misses you.
You barely miss the gnoll. You bite the gnoll, but do no damage.
The gnoll is almost dead.
The gnoll hits you with a +0 halberd! The gnoll hits you with a +0 flail!
* * * LOW HITPOINT WARNING * * *
The gnoll hits you from afar with a +0 halberd!
You die...

............$†.....
............?......
##....#...##........
#.........##.#......
##..# #.[.....#......
.##...###...#.........#
...............$##
.........#.......###..##
.#..#.##...####.@g......
..........###...#g...###
..........#...###g...#
.[..........## ....#
#.##.###..### ....#
#†##.##...# ....#
..##>...#.# .#.##
#.##......# ##.#
#.....#####


You could see 3 gnolls.

Vanquished Creatures
  Sigmund (D:2)
  A gnoll (D:3)
  A worm (D:2)
  3 dart slugs
  7 endoplasms
  6 giant cockroaches
  6 goblins
  7 hobgoblins
  3 kobolds
  2 quokkas (D:2)
  4 ball pythons
  8 bats
  5 frilled lizards
  11 rats
65 creatures vanquished.

Vanquished Creatures (others)
  A demonic plant (D:1)
  16 plants (D:2)
17 creatures vanquished.

Grand Total: 82 creatures vanquished

Notes
Turn   | Place    | Note
-------+----------+-------------------------------------------
     0 | D:1      | zishaf the Vine Stalker Brigand began the quest for the
                  | Orb.
     0 | D:1      | Reached XP level 1. HP: 11/11 MP: 2/2
   193 | D:1      | Reached skill level 1 in Dodging
   193 | D:1      | Reached XP level 2. HP: 15/15 MP: 3/3
   226 | D:1      | Reached skill level 5 in Stealth
   237 | D:1      | Found a faded altar of an unknown god.
   361 | D:1      | Reached XP level 3. HP: 16/18 MP: 2/4
   957 | D:2      | Found Ahobaycw's Weapon Shop.
   981 | D:2      | Noticed Sigmund
  1197 | D:2      | Gained mutation: Your natural rate of healing is unusually
                  | fast. [Vine Stalker growth]
  1197 | D:2      | Reached XP level 4. HP: 23/23 MP: 5/5
  1332 | D:2      | Killed Sigmund
  1333 | D:2      | Reached skill level 6 in Stealth
  1333 | D:2      | Reached XP level 5. HP: 28/28 MP: 6/6
  2015 | D:3      | Reached XP level 6. HP: 33/33 MP: 7/7
  2054 | D:3      | Mangled by a gnoll

Illustrated notes

Levels and vault maps discovered:
D:1:      dpeg_arrival_lava_temple_mockup, layout_rooms,
          shapermc_ecumenical_altar_gd
D:2:      minmay_chambers_of_twos, layout_basic, serial_shops,
          nicolae_shop_bloodbath_and_beyond, amcnicky_mini_rare_corridor_liquid,
          serial_bayou_lagoon_b, uniq_sigmund
D:3:      layout_rooms, grunt_ministairs_3, kennysheep_generic_room_12

Skill      XL: |  1  2  3  4 |
---------------+-------------+-----
Dodging        | 1 |  1.0
Fighting       | 2 3 |  3.8
Short Blades   | 2 3 |  3.4
Stealth        | 5 6 |  6.0
Throwing       | 2 |  2.0

Action                   |  1- 3 |  4- 6 || total
-------------------------+-------+-------++-------
Melee: Dagger            |    37 |    33 ||    70
       Bite              |     8 |    11 ||    19
       Hunting sling     |       |     1 ||     1
 Fire: Hunting sling     |   105 |    35 ||   140
 Stab: Sleeping          |     2 |       ||     2
Armor: Robe              |    17 |     5 ||    22
Dodge: Dodged            |    29 |    16 ||    45

Table legend: (Time is in decaauts)
 A = Elapsed time spent in this place.
 B = Non-inter-level travel time spent in this place.
 C = Inter-level travel time spent in this place.
 D = Time resting spent in this place.
 E = Time spent auto-exploring this place.
 F = Levels seen in this place.
 G = Mean time per level.
                   A        B        C        D        E       F      G
               +--------+--------+--------+--------+--------+-----+--------+
         Total |   2109 |   2046 |     63 |      7 |   1538 |   3 |  703.0 |
       Dungeon |   2109 |   2046 |     63 |      7 |   1538 |   3 |  703.0 |
               +--------+--------+--------+--------+--------+-----+--------+

Top non-repeatable levels by time:
     D:2: 1394 daAuts
     D:1: 647 daAuts
     D:3: 67 daAuts
